 Dungeon Crawl Stone Soup version 0.27.1 (webtiles) character file.

Game seed: 9186775355121217890

331 nxtlvl the Ruffian (level 6, -2/59 HPs)
             Began as a Troll Abyssal Knight on Sept 4, 2021.
             Was a Believer of Lugonu.
             Slain by a gnoll (5 damage)
             ... on level 6 of the Dungeon.
             The game lasted 00:07:18 (709 turns).

nxtlvl the Ruffian (Troll Abyssal Knight)            Turns: 709, Time: 00:07:20

Health: -2/59      AC:  4    Str: 21    XL:     6   Next: 26%
Magic:  6/6        EV: 10    Int:  8    God:    Lugonu [**....]
Gold:   116        SH:  0    Dex: 11    Spells: 5/5 levels left

rFire    . . .     SeeInvis .     - Unarmed
rCold    . . .     Faith    .   (no shield)
rNeg     . . .     Spirit   .   b - +0 robe
rPois    .         Reflect  .   (helmet restricted)
rElec    .         Harm     .   (no cloak)
rCorr    .         Rampage  .   (gloves unavailable)
Will     .....                  (boots unavailable)
Stlth    +.........             j - amulet of regeneration
HPRegen  2.19/turn              (no ring)
MPRegen  0.10/turn              (no ring)

@: lethally poisoned (-2 -> -8)
A: large, unfitting armour, claws 3, regeneration 1, shaggy fur 1, tough skin 1
a: Renounce Religion, Depart the Abyss, Bend Space


You were on level 6 of the Dungeon.
You worshipped Lugonu.
Lugonu was pleased with you.
You visited 1 branch of the dungeon, and saw 6 of its levels.
You visited the Abyss 1 time.

You collected 116 gold pieces.

Inventory:

Hand Weapons
 a - a +0 hunting sling
Missiles
 e - 26 poisoned darts (quivered)
 h - 36 sling bullets
Armour
 b - a +0 robe (worn)
Jewellery
 j - an amulet of regeneration (around neck)
Scrolls
 c - a scroll of enchant armour {unknown}
 f - a scroll of magic mapping {unknown}
 i - a scroll of enchant weapon {unknown}
 k - a scroll of amnesia {unknown}
 m - a scroll of identify {unknown}
Potions
 d - a potion of heal wounds {unknown}
 g - a potion of curing {unknown}
 l - a potion of resistance {unknown}
 n - 2 potions of ambrosia {unknown}


   Skills:
 + Level 2.6 Fighting
 + Level 2.2 Dodging
 * Level 6.2 Unarmed Combat
 + Level 2.0 Invocations


You had 5 spell levels left.
You didn't know any spells.
Your spell library was empty.

Dungeon Overview and Level Annotations

Branches:
Dungeon (6/15)
 Temple: D:4-7

Altars:


Innate Abilities, Weirdness & Mutations

You are too large for most types of armour.
You have claws for hands.
Your natural rate of healing is unusually fast.
You are covered in fur. (AC +1)
You have tough skin. (AC +1)


Message History

The water moccasin bites you. The gnoll barely misses you.
The water moccasin bites you!
You are poisoned.
The water moccasin poisons you!
You closely miss the water moccasin.
The water moccasin is lightly wounded.
You feel very sick. The water moccasin bites you.
The gnoll hits you from afar with a +0 spear!
You barely miss the water moccasin.
The water moccasin is lightly wounded.
You feel sick. The water moccasin bites you.
You are more poisoned.
The water moccasin poisons you! The gnoll barely misses you.
You scratch the water moccasin.
The water moccasin is moderately wounded.
You feel very sick. The water moccasin closely misses you.
The gnoll closely misses you.
You claw the water moccasin!
The water moccasin is heavily wounded.
You feel very sick. The water moccasin bites you!
* * * LOW HITPOINT WARNING * * *
You are more poisoned.
The water moccasin poisons you!
A gnoll comes into view. It is wielding a +0 flail.
The water moccasin closely misses you.
You claw the water moccasin!
The water moccasin is almost dead.
* * * LOW HITPOINT WARNING * * *
You feel very sick. The gnoll barely misses you. The water moccasin bites you.
* * * LOW HITPOINT WARNING * * *
You scratch the water moccasin.
You kill the water moccasin!
Lugonu accepts your kill.
* * * LOW HITPOINT WARNING * * *
You feel very sick.
The gnoll hits you from afar with a +0 spear.
You die...

####### #.....#
#@###.### ###)#
#... #..g###..#
#.#g.....###.##
#.###........S?
#. #.gg.# #.
##.#.# #. #g#g#
#. #..gg


You could see 2 gnolls.

Vanquished Creatures
  A water moccasin (D:6)
  A necrophage (D:4)
  A scorpion (D:5)
  2 hounds (D:5)
  A bullfrog skeleton (D:4)
  A gnoll shaman (D:6)
  An iguana (D:5)
  A gnoll (D:6)
  An adder (D:3)
  An ufetubus (D:5)
  An adder skeleton (D:4)
  A worm (D:3)
  4 endoplasms
  2 giant cockroaches
  A goblin (D:4)
  A hobgoblin (D:3)
  2 quokkas
  2 frilled lizards (D:2)
  A kobold (D:2)
26 creatures vanquished.

Notes
Turn   | Place    | Note
-------+----------+-------------------------------------------
     0 | Abyss:1  | nxtlvl the Troll Abyssal Knight began the quest for the
                  | Orb.
     0 | Abyss:1  | Reached XP level 1. HP: 22/22 MP: 1/1
    57 | D:1      | Escaped the Abyss
   271 | D:3      | Reached skill level 3 in Unarmed Combat
   271 | D:3      | Reached XP level 2. HP: 29/29 MP: 2/2
   294 | D:4      | Noticed a necrophage
   304 | D:4      | Killed a necrophage
   305 | D:4      | Reached skill level 4 in Unarmed Combat
   305 | D:4      | Reached XP level 3. HP: 32/36 MP: 3/3
   305 | D:4      | Reached XP level 4. HP: 39/44 MP: 4/4
   419 | D:4      | Reached skill level 5 in Unarmed Combat
   455 | D:4      | Reached XP level 5. HP: 50/50 MP: 5/5
   461 | D:5      | Entered Level 5 of the Dungeon
   521 | D:6      | Noticed a water moccasin
   549 | D:5      | Reached ** piety under Lugonu
   582 | D:5      | Reached skill level 6 in Unarmed Combat
   582 | D:5      | Reached XP level 6. HP: 53/59 MP: 6/6
   709 | D:6      | Killed a water moccasin
   709 | D:6      | Slain by a gnoll

Illustrated notes

Levels and vault maps discovered:
D:1:      dpeg_arrival_pits, layout_basic, serial_shops,
          nicolae_shop_statue_plus, minmay_unequal
D:2:      layout_basic, uniq_terence
D:3:      layout_rooms, gammafunk_ghost_necromancy
D:4:      layout_cave_pools, nicolae_uskayaw_suspiria, grunt_ministairs_4,
          uniq_blork_the_orc
D:5:      layout_loops_corners
D:6:      layout_loops_corners, lemuel_doored_altar, grunt_gozag_statues,
          minmay_temple_entry_glass

Skill      XL: |  1  2  3  4  5  6 |
---------------+-------------------+-----
Unarmed Combat | 3 4 5 6 |  6.2
Dodging        | 2 |  2.2
Invocations    | 2 |  2.0
Fighting       | |  2.6

Action                   |  1- 3 |  4- 6 || total
-------------------------+-------+-------++-------
Melee: Unarmed           |    20 |    52 ||    72
       Punch             |       |     1 ||     1
Throw: Dart              |       |     8 ||     8
 Stab: Sleeping          |       |     1 ||     1
Armor: Robe              |     2 |     9 ||    11
Dodge: Dodged            |     4 |    29 ||    33
